 Dungeon Crawl Stone Soup version 0.24.0-125-gc4c63601f3 (webtiles) character file.

Game seed: 5650960390032437334, levelgen mode: deterministic

80780 Frank2 the Basher (level 15, -27/125 HPs)
             Began as a Demonspawn Gladiator on Mar 16, 2020.
             Was the Champion of Makhleb.
             Killed from afar by Nikola (32 damage)
             ... with a chain lightning
             ... on level 1 of the Snake Pit.
             The game lasted 00:53:31 (20762 turns).

Frank2 the Basher (Demonspawn Gladiator)           Turns: 20762, Time: 00:53:32

Health: -27/125    AC: 26    Str: 15    XL:     15   Next: 24%
Magic:  0/19       EV: 12    Int: 12    God:    Makhleb [******]
Gold:   712        SH:  0    Dex: 23    Spells: 14/14 levels left

rFire    + . .     SeeInvis .   x - +4 dire flail (drain)
rCold    . . .     Gourm    .   (shield currently unavailable)
rNeg     + . .     Faith    .   d - +4 chain mail {MR+}
rPois    +         Spirit   +   F - +0 hat {MR+}
rElec    .         Reflect  .   p - +2 cloak
rCorr    .         Harm     +   C - +1 pair of gloves {Dex+3}
MR       ++++.                  (boots unavailable)
Stlth    ..........             J - amulet of harm
HPRegen  0.30/turn              u - ring "Cienu" {*Drain rPois MR+ Int+4 Stlth+}
MPRegen  0.32/turn              t - ring of positive energy

@: no status effects
A: talons 3, slimy green scales 2, dopey 1, fire resistance 1, powered by death
2, magic shield, magic regeneration, magic link
a: Minor Destruction, Lesser Servant of Makhleb, Major Destruction, Greater
Servant of Makhleb, Renounce Religion


You were on level 1 of the Snake Pit.
You worshipped Makhleb.
Makhleb was exalted by your worship.
You were hungry.

You visited 4 branches of the dungeon, and saw 23 of its levels.
You also visited: Ossuary and Ice Cave.

You collected 2155 gold pieces.
You spent 1443 gold pieces at shops.

Inventory:

Hand Weapons
 x - a +4 dire flail of draining (weapon)
 M - the +7 whip "Lir Zovo" {slash, rC+ MR- Int+5}
   (You found it on level 10 of the Dungeon)

   It inflicts extra damage upon your enemies.
   It affects your intelligence (+5).
   It protects you from cold.
   It affects your resistance to hostile enchantments.
Armour
 d - a +4 chain mail of magic resistance (worn)
 h - a +4 ring mail of magic resistance
 k - a +2 leather armour of fire resistance
 p - a +2 cloak (worn)
 C - a +1 pair of gloves of dexterity (worn)
 D - a +3 leather armour of magic resistance
 F - a +0 hat of magic resistance (worn)
Jewellery
 o - an uncursed ring of protection from fire
 t - a ring of positive energy (right hand)
 u - the ring "Cienu" (left hand) {*Drain rPois MR+ Int+4 Stlth+}
   (You acquired it on level 6 of the Dungeon)

   [ring of protection from magic]

   It affects your intelligence (+4).
   It protects you from poison.
   It affects your resistance to hostile enchantments.
   It causes draining when unequipped.
   It makes you more stealthy.
 y - an uncursed ring of ice
 J - an amulet of harm (around neck)
Wands
 c - a wand of polymorph (8)
 n - a wand of disintegration (27)
 r - a wand of digging (5)
 S - a wand of flame (2)
Scrolls
 e - 12 scrolls of remove curse
 g - 7 scrolls of teleportation
 l - a scroll of fear
Potions
 a - a potion of berserk rage {unknown}
 b - 4 potions of lignification
 j - 7 potions of heal wounds
 m - 3 potions of might
 s - 9 potions of curing
 v - a potion of flight
 w - 3 potions of haste
 z - a potion of invisibility
 H - 4 potions of ambrosia
 I - a potion of resistance
 L - 2 potions of mutation
 P - 2 potions of cancellation
Miscellaneous
 q - a phial of floods
Comestibles
 f - 41 rations


   Skills:
 + Level 13.9 Fighting
 - Level 14.0 Maces & Flails
 - Level 1.8 Throwing
 + Level 13.4 Armour
 + Level 8.2 Dodging
 - Level 5.7 Invocations
 - Level 4.2 Evocations


You had 14 spell levels left.
You didn't know any spells.
Your spell library contained the following spells:

 Spells                   Type           Power        Failure   Level  Hunger
 Animate Skeleton         Necr           N/A          97%         1    ##.....
 Beastly Appendage        Tmut           #.....       97%         1    ##.....
 Confusing Touch          Hex            #.....       97%         1    ##.....
 Corona                   Hex            #......      97%         1    ##.....
 Magic Dart               Conj           #...         97%         1    ##.....
 Pain                     Necr           #...         97%         1    ##.....
 Sting                    Conj/Pois      #...         97%         1    ##.....
 Blink                    Tloc           N/A          99%         2    ###....
 Call Imp                 Summ           #.......     99%         2    ###....
 Ensorcelled Hibernation  Hex/Ice        #.....       99%         2    ###....
 Poisonous Vapours        Pois/Air       #.....       99%         2    ###....
 Slow                     Hex            #.......     99%         2    ###....
 Sticks to Snakes         Tmut           #.......     99%         2    ###....
 Confuse                  Hex            #.......     100%        3    ####...
 Conjure Flame            Conj/Fire      #.......     100%        3    ####...
 Dazzling Spray           Conj/Hex       #.....       100%        3    ####...
 Gell's Gravitas          Tloc           #.........   100%        3    ####...
 Mephitic Cloud           Conj/Pois/Air  #.......     100%        3    ####...
 Regeneration             Chrm/Necr      #.........   100%        3    ####...
 Spider Form              Tmut/Pois      #.........   100%        3    ####...
 Tukima's Dance           Hex            #.......     100%        3    ####...
 Vampiric Draining        Necr           #.........   100%        3    ####...
 Animate Dead             Necr           N/A          100%        4    #####..
 Force Lance              Conj/Tloc      #.......     100%        4    #####..
 Ice Form                 Ice/Tmut       #.......     100%        4    #####..
 Olgreb's Toxic Radiance  Pois           #.......     100%        4    #####..
 Petrify                  Tmut/Erth      #.......     100%        4    #####..
 Blade Hands              Tmut           #.........   100%        5    ######.
 Lightning Bolt           Conj/Air       #.........   100%        5    ######.
 Metabolic Englaciation   Hex/Ice        #.........   100%        5    ######.
 Venom Bolt               Conj/Pois      #.........   100%        5    ######.
 Yara's Violent Unravell  Hex/Tmut       #.........   100%        5    ######.
 Bolt of Cold             Conj/Ice       #.........   100%        6    #######
 Freezing Cloud           Conj/Ice/Air   #.........   100%        6    #######
 Iron Shot                Conj/Erth      #.........   100%        6    #######
 Ozocubu's Refrigeration  Ice            #.........   100%        6    #######
 Simulacrum               Ice/Necr       #.........   100%        6    #######


Dungeon Overview and Level Annotations

Branches:
Dungeon (14/15)            Temple (0/1) D:6            Lair (6/6) D:11
 Shoals (0/4) Lair:4        Snake (1/4) Lair:4        Slime (0/5) Lair:6
    Orc (2/2) D:12            Elf (0/3) Orc:2       Ossuary (visited)
  IceCv (visited)
 Vaults: D:13-14

Altars:
Makhleb
Nemelex Xobeh
Sif Muna
Jiyva

Shops:
D:6 *   Orc:2 *}!(!

Portals:
Pandemonium: Orc:2

Annotations:
D:4 1 runed translucent door, ttag's ghost, novice MiFi
Lair:5 exclusion: 4 oklob plants
Snake:1 Nikola
Orc:1 2 runed translucent doors, exclusion: orange crystal statue


Innate Abilities, Weirdness & Mutations

You have claws for feet.
You are mostly covered in slimy green scales. (AC +3)
Your flesh is heat resistant. (rF+)
You regenerate health from kills.
When hurt, damage is shared between your health and your magic reserves.
You regenerate magic rapidly.
When low on magic, you restore magic in place of health.
You are dopey. (Int -2)


Message History

You closely miss Nikola. You claw Nikola.
Nikola is severely wounded.
A black mamba comes into view.
The salamander hits you from afar with a +2 glaive.
* * * LOW HITPOINT WARNING * * *
You are engulfed in flames!
You resist.
* * * LOW HITPOINT WARNING * * *
The black mamba barely misses you.
You hit Nikola but do no damage. You drain Nikola. Your kick misses Nikola.
Nikola is almost dead.
The black mamba bites you but does no damage.
Nikola casts a spell.
You hear a mighty clap of thunder!
The lightning arc hits the black mamba!!
The lightning arc hits you!
* * * LOW HITPOINT WARNING * * *
The lightning arc hits the black mamba!!
The black mamba dies!
The lightning arc hits you!!
You die...

# #.......
.+......#
.#......###
..........
#.........
##N........
.#######..†@......
........!.@)......
.........##.......
#.###..## .......
##..# ....... #
#######..##
.......
#####........#
.......
.............#
##.....
.............#
.....
..........####


You could see Nikola and a salamander.

Vanquished Creatures
  Gastronok (D:12)
  A dire elephant (Lair:6)
  Azrael (Orc:2)
  7 hydras
  A naga warrior (Snake:1)
  A centaur warrior (D:13)
  2 catoblepae
  A two-headed ogre (D:12)
  A death knight (D:14)
  An anaconda (Snake:1)
  Erica (Lair:2)
  6 death yaks
  A shock serpent (Snake:1)
  7 orc high priests (Orc:2)
  A sun demon (Orc:2)
  2 torturous demonspawn (Orc:2)
  Pikel (D:5)
  4 orc knights
  A mana viper (Snake:1)
  5 lindwurms
  3 manticores
  8 orc sorcerers (Orc:2)
  5 ugly things
  A deep elf mage (D:10)
  A salamander (shapeshifter) (D:14)
  A salamander (Snake:1)
  A cyclops (D:11)
  11 elephants
  Joseph (D:8)
  A torpor snail (Lair:4)
  6 black mambas
  Psyche (D:9)
  A centaur skeleton (D:11)
  2 gargoyles
  2 rime drakes
  10 spiny frogs
  An efreet (D:13)
  8 komodo dragons
  A hellwing (Orc:2)
  2 trolls
  A red devil (Orc:2)
  A polar bear (Lair:5)
  A hornet (D:7)
  19 blink frogs
  9 dream sheep
  9 hippogriffs
  A wraith (D:12)
  A spriggan (D:10)
  38 yaks
  Sigmund (D:6)
  3 fire elementals (Orc:2)
  2 basilisks
  Grum (D:10)
  5 vampire mosquitoes
  A neqoxec (Orc:2)
  A steam dragon (D:8)
  4 hungry ghosts
  3 wargs
  8 nagas
  Edmund (D:6)
  2 acid dragons
  13 water moccasins
  2 hell hounds (Orc:2)
  7 porcupines
  24 orc warriors
  4 slaves (D:5)
  A meliai simulacrum (D:14)
  A hornet zombie (D:8)
  8 ice beasts
  2 phantoms
  3 sky beasts
  21 wolves
  A black bear (D:8)
  9 ogres
  11 centaurs
  10 crocodiles
  A big kobold (D:6)
  17 bullfrogs
  2 scorpions
  6 wights
  A bullfrog zombie (D:8)
  5 electric eels
  5 howler monkeys
  5 crimson imps
  A centaur zombie (D:5)
  A quasit (D:8)
  3 bullfrog skeletons
  24 orc priests
  3 hounds
  4 jellies
  22 orc wizards
  Crazy Yiuf (D:2)
  5 iguanas
  10 worker ants
  A big kobold zombie (Ossuary)
  2 hound skeletons
  3 mummies (Ossuary)
  A howler monkey zombie (D:10)
  3 worker ant zombies
  7 gnolls (D:7)
  6 adders
  2 shadow imps (D:4)
  12 white imps (Lair:3)
  2 oozes
  2 adder skeletons
  6 adder zombies
  2 worms
  2 dart slugs (D:1)
  8 leopard geckos
  63 orcs
  6 giant cockroaches
  A gnoll zombie (Ossuary)
  4 hobgoblins
  22 jackals
  9 kobolds
  8 quokkas
  8 bats
  6 frilled lizards
  4 goblins
  2 goblin zombies (Ossuary)
  2 hobgoblin zombies (Ossuary)
  3 kobold zombies (Ossuary)
  An orc zombie (Ossuary)
  2 quokka zombies (Ossuary)
  9 rats
  3 rat zombies (Ossuary)
  A butterfly (Lair:2)
671 creatures vanquished.

Vanquished Creatures (collateral kills)
  An orc (Orc:2)
1 creature vanquished.

Vanquished Creatures (others)
  A black mamba (Snake:1)
  An orc warrior (Orc:2)
  11 fungi
  18 plants
31 creatures vanquished.

Grand Total: 703 creatures vanquished

Notes
Turn   | Place    | Note
-------+----------+-------------------------------------------
     0 | D:1      | Frank2 the Demonspawn Gladiator began the quest for the
                  | Orb.
     0 | D:1      | Reached XP level 1. HP: 16/16 MP: 1/1
   214 | D:1      | Gained mutation: You regenerate a little health from kills.
                  | [demonic ancestry]
   214 | D:1      | Reached XP level 2. HP: 22/22 MP: 2/2
   377 | D:1      | Reached skill level 3 in Maces & Flails
   861 | D:2      | Reached XP level 3. HP: 27/27 MP: 3/3
  1698 | D:2      | Found a runed translucent door.
  1699 | D:2      | Noticed Crazy Yiuf
  1729 | D:2      | Killed Crazy Yiuf
  1729 | D:2      | Gained mutation: When hurt, damage is shared between your
                  | health and your magic reserves. [demonic ancestry]
  1729 | D:2      | Reached XP level 4. HP: 20/34 MP: 4/4
  1912 | D:3      | Reached skill level 1 in Armour
  2354 | D:3      | Found a burning altar of Makhleb.
  2361 | D:3      | Became a worshipper of Makhleb the Destroyer
  2399 | D:3      | Found a sparkling altar of Nemelex Xobeh.
  2633 | D:3      | Found a glowing drain.
  2780 | D:4      | Found a sand-covered staircase.
  2789 | Ossuary  | Entered an ossuary
  2799 | Ossuary  | Reached skill level 4 in Maces & Flails
  2809 | Ossuary  | Gained mutation: You are partially covered in slimy green
                  | scales. (AC +2) [demonic ancestry]
  2809 | Ossuary  | Reached XP level 5. HP: 19/39 MP: 1/5
  2999 | Ossuary  | Reached * piety under Makhleb
  3403 | D:3      | Reached XP level 6. HP: 14/46 MP: 3/6
  3653 | D:4      | Found a runed translucent door.
  3655 | D:4      | Noticed ttag's ghost (novice MiFi)
  3857 | D:5      | Entered Level 5 of the Dungeon
  3859 | D:5      | Noticed a sky beast
  3869 | D:5      | Killed a sky beast
  3869 | D:5      | Reached skill level 5 in Maces & Flails
  3869 | D:5      | Reached skill level 1 in Invocations
  3869 | D:5      | Reached skill level 1 in Evocations
  3910 | D:5      | Noticed a slave
  3911 | D:5      | Noticed Pikel
  3911 | D:5      | Noticed a slave
  3911 | D:5      | Noticed a slave
  3911 | D:5      | Noticed a slave
  3924 | D:5      | Killed a slave
  3948 | D:5      | Killed a slave
  3948 | D:5      | Killed a slave
  3949 | D:5      | Killed a slave
  3958 | D:5      | Killed Pikel
  3958 | D:5      | Gained mutation: You regenerate magic rapidly. [demonic
                  | ancestry]
  3958 | D:5      | Reached XP level 7. HP: 22/52 MP: 6/9
  4223 | D:5      | Reached skill level 6 in Maces & Flails
  4223 | D:5      | Gained mutation: You have sharp toenails. [demonic
                  | ancestry]
  4223 | D:5      | Reached XP level 8. HP: 44/60 MP: 10/10
  4685 | D:5      | Reached ** piety under Makhleb
  4815 | D:6      | Found Wepniuha's General Store.
  4873 | D:6      | Bought a +2 chain mail of magic resistance for 279 gold
                  | pieces
  5116 | D:6      | Noticed Sigmund
  5124 | D:6      | Killed Sigmund
  5124 | D:6      | Reached skill level 7 in Maces & Flails
  5146 | D:6      | Noticed Edmund
  5150 | D:6      | Killed Edmund
  5225 | D:6      | Reached skill level 5 in Invocations
  5409 | D:6      | Found a staircase to the Ecumenical Temple.
  5729 | D:7      | Noticed a hornet
  5742 | D:7      | Killed a hornet
  5742 | D:7      | Reached XP level 9. HP: 50/66 MP: 10/12
  6256 | D:7      | Reached skill level 5 in Dodging
  6264 | D:7      | Reached skill level 8 in Maces & Flails
  6597 | D:8      | Noticed Joseph
  6611 | D:8      | Killed Joseph
  6611 | D:8      | Reached skill level 5 in Fighting
  6656 | D:8      | Reached *** piety under Makhleb
  6784 | D:8      | You fall into a shaft and drop 1 floor!
  6963 | D:8      | Reached skill level 9 in Maces & Flails
  7058 | D:8      | You fall into a shaft and drop 2 floors!
  7058 | D:10     | Entered Level 10 of the Dungeon
  7115 | D:10     | Noticed a gargoyle
  7118 | D:10     | Noticed a seven-headed hydra
  7127 | D:10     | Killed a gargoyle
  7157 | D:9      | Killed a seven-headed hydra
  7157 | D:9      | Gained mutation: You have razor-sharp toenails. [demonic
                  | ancestry]
  7157 | D:9      | Reached XP level 10. HP: 36/76 MP: 7/14
  7379 | D:9      | Noticed Psyche
  7389 | D:9      | Killed Psyche
  7460 | D:9      | Found a shimmering blue altar of Sif Muna.
  7512 | D:9      | Reached skill level 10 in Maces & Flails
  7997 | D:9      | You fall into a shaft and drop 2 floors!
  8014 | D:11     | Reached **** piety under Makhleb
  8226 | D:10     | Noticed Grum
  8235 | D:10     | Reached skill level 11 in Maces & Flails
  8237 | D:10     | Noticed a deep elf mage
  8251 | D:10     | Killed Grum
  8263 | D:10     | Killed a deep elf mage
  8342 | D:10     | Got a polished whip
  8563 | D:10     | Identified the +7 whip "Lir Zovo" {slash, rC+ MR- Int+5}
                  | (You found it on level 10 of the Dungeon)
  8669 | D:11     | Reached skill level 5 in Armour
  8679 | D:11     | Noticed a white ugly thing
  8695 | D:11     | Killed a white ugly thing
  8695 | D:11     | Gained mutation: You regenerate health from kills. [demonic
                  | ancestry]
  8695 | D:11     | Reached XP level 11. HP: 83/83 MP: 10/15
  8967 | D:11     | Found a staircase to the Lair.
  9410 | D:12     | Found a staircase to the Orcish Mines.
  9415 | D:12     | Reached skill level 12 in Maces & Flails
  9465 | D:12     | Reached ***** piety under Makhleb
  9835 | D:12     | Noticed a two-headed ogre
  9848 | D:12     | Killed a two-headed ogre
  9869 | D:12     | Noticed Gastronok
  9880 | D:12     | Killed Gastronok
  9880 | D:12     | Reached skill level 13 in Maces & Flails
 10063 | D:13     | Identified the cursed +1 leather armour of the Original Sin
                  | {MR+ Stlth+} (You found it on level 13 of the Dungeon)
 10117 | D:13     | Noticed a purple ugly thing
 10117 | D:13     | Noticed a centaur warrior
 10143 | D:12     | Killed a purple ugly thing
 10345 | D:13     | Killed a centaur warrior
 10345 | D:13     | Gained mutation: You have claws for feet. [demonic
                  | ancestry]
 10345 | D:13     | Reached XP level 12. HP: 83/92 MP: 11/16
 10804 | D:14     | Noticed a death knight
 10834 | D:14     | Killed a death knight
 11276 | Lair:1   | Entered Level 1 of the Lair of Beasts
 12113 | Lair:2   | Reached skill level 14 in Maces & Flails
 12156 | Lair:2   | Noticed Erica
 12160 | Lair:2   | Noticed an eight-headed hydra
 12182 | Lair:2   | Killed an eight-headed hydra
 12184 | Lair:2   | Killed Erica
 12184 | Lair:2   | Gained mutation: When low on magic, you restore magic in
                  | place of health. [demonic ancestry]
 12184 | Lair:2   | Reached XP level 13. HP: 103/103 MP: 17/17
 12423 | Lair:2   | Reached skill level 10 in Fighting
 12943 | Lair:3   | Reached ****** piety under Makhleb
 12944 | Lair:3   | Found a frozen archway.
 12970 | IceCv    | Entered an ice cave
 12994 | IceCv    | Found a transporter.
 13009 | IceCv    | Found a transporter.
 13015 | IceCv    | Got a bloodstained morningstar
 13034 | Lair:3   | Identified the +2 morningstar "Paoduwk" {drain, +Inv rC-
                  | MR+ Dex+4} (You found it in an ice cave)
 13342 | Lair:3   | Reached skill level 10 in Armour
 13359 | Lair:3   | Identified Peompiosch's Tome of Poison and Conjuration
 13875 | Lair:4   | Found a staircase to the Shoals.
 14059 | Lair:4   | Found a staircase to the Snake Pit.
 14755 | Lair:5   | Gained mutation: You are mostly covered in slimy green
                  | scales. (AC +3) [demonic ancestry]
 14755 | Lair:5   | Reached XP level 14. HP: 114/114 MP: 16/18
 15681 | Lair:5   | Got a transparent great mace
 15720 | Lair:5   | Identified the +2 great mace of Hepliaklqana's Wrath
                  | {crush, Fragile +Blink rN++ Str+3} (You found it on level 5
                  | of the Lair of Beasts)
 15830 | Lair:6   | Entered Level 6 of the Lair of Beasts
 16347 | Lair:6   | Found a staircase to the Slime Pits.
 16347 | Lair:6   | Found a viscous altar of Jiyva.
 17534 | Orc:1    | Entered Level 1 of the Orcish Mines
 17683 | Orc:1    | Found a runed translucent door.
 17833 | Orc:1    | Found the +10 large shield of Ignorance {rN+ Int-4}
 17838 | Orc:1    | Found a runed translucent door.
 18045 | Orc:2    | Entered Level 2 of the Orcish Mines
 18045 | Orc:2    | Found a staircase to the Elven Halls.
 18262 | Orc:2    | Found Ecoyg's Assorted Antiques.
 18666 | Orc:2    | Noticed Azrael
 18688 | Orc:2    | Killed Azrael
 18691 | Orc:2    | Found Tusod's Distillery.
 18697 | Orc:2    | Found Kosso's Distillery.
 18730 | Orc:2    | Gained mutation: You are dopey. (Int -2) [a neqoxec]
 18880 | Orc:2    | Bought a potion of invisibility for 96 gold pieces
 19549 | Orc:2    | Gained mutation: Your flesh is heat resistant. (rF+)
                  | [demonic ancestry]
 19549 | Orc:2    | Reached XP level 15. HP: 124/124 MP: 19/19
 19808 | Orc:2    | Found Oneajoxe's Gadget Shop.
 19808 | Orc:2    | Found Ocvel's Antique Weapon Boutique.
 19808 | Orc:2    | Found a one-way gate leading to the halls of Pandemonium.
 19859 | Orc:2    | Bought a potion of heal wounds for 70 gold pieces
 19859 | Orc:2    | Bought a potion of curing for 42 gold pieces
 19859 | Orc:2    | Bought a potion of might for 56 gold pieces
 19859 | Orc:2    | Bought a potion of heal wounds for 70 gold pieces
 19859 | Orc:2    | Bought a potion of heal wounds for 70 gold pieces
 19859 | Orc:2    | Bought a potion of curing for 42 gold pieces
 19859 | Orc:2    | Bought a potion of curing for 42 gold pieces
 20058 | D:6      | Bought a scroll of acquirement for 676 gold pieces
 20060 | D:6      | Got a scorched tin ring
 20062 | D:6      | Identified the ring "Cienu" {*Drain rPois MR+ Int+4 Stlth+}
                  | (You acquired it on level 6 of the Dungeon)
 20307 | Snake:1  | Entered Level 1 of the Snake Pit
 20739 | Snake:1  | Noticed Nikola
 20762 | Snake:1  | HP: 5/125 [Nikola/chain lightning (15)]
 20762 | Snake:1  | Killed from afar by Nikola

Levels and vault maps discovered:
D:1:      noname_arrival_rooms_in_the_neighbourhood, layout_loops_ring
D:2:      layout_loops_corners, first_ration, uniq_crazy_yiuf_cottage
D:3:      layout_loops_corners, lemuel_doored_altar, bloody_makhleb,
          portal_sewer_entry_f
D:4:      layout_rooms, nicolae_overflow_hidden_temple,
          nicolae_ossuary_entry_ruins, ebering_ghost_reflecting_pool
D:5:      layout_loops_ring, uniq_pikel
D:6:      layout_cave_pods, minmay_temple_entry_arrows, serial_shops, shop,
          sigmund_edmund_badplayer, uniq_sigmund
D:7:      layout_loops_ring
D:8:      layout_basic, grunt_decor_one_mirror, uniq_joseph
D:9:      layout_loops_cross, led_sif_book, ebering_ghost_funeral_grove,
          uniq_psyche
D:10:     layout_rooms, hangedman_stone_soup, uniq_grum
D:11:     layout_irregular_city, lair_entry_dummy, minmay_diced_spiral
D:12:     layout_roguey, david_orc_1_choice, uniq_gastronok
D:13:     layout_cave_pools, minmay_lizard_king
D:14:     mludivico_vault, layout_basic, grunt_vaults_entry_tiered,
          kennysheep_decorative_pillar
Lair:1:   layout_roguey, lemuel_fruit_tree, serial_bayou_shore_b
Lair:2:   layout_loops_ring, lemuel_fruit_fields, uniq_erica
Lair:3:   layout_chaotic_city, portal_ice_cave_entry_imps, minmay_lindwurm_lava
Lair:4:   layout_roguey, minmay_shoals_entry_centaurs,
          minmay_snake_entry_guardpost_small, st_stairs_3,
          eino_small_chamber_without_monster, infiniplex_staircase_pool
Lair:5:   layout_gridlike, serial_bayou_shore_b, minmay_lair_oklob_chamber
Lair:6:   hangedman_lair_in_review, layout_gridlike, slime_altar_1,
          nicolae_quartered_pool_super, columned_hall_lemuel
Snake:1:  layout_grid_shapes, grunt_megastairs_1, uniq_nikola
Orc:1:    layout_caves, chequers_guarded_unrand_ignorance
Orc:2:    pf_orc_diabolical, layout_diamond_mine, serial_shops, shop,
          mines4_lemuel, uniq_azrael

Skill      XL: |  1  2  3  4  5  6  7  8  9 10 11 12 13 14 15 |
---------------+----------------------------------------------+-----
Dodging        | 3 4 5 6 7 8 |  8.2
Maces & Flails | 3 4 5 6 7 9 11 13 14 | 14.0
Armour         | 1 2 3 4 5 6 8 11 13 | 13.4
Invocations    | 3 5 |  5.7
Evocations     | 2 3 4 |  4.2
Fighting       | 3 4 5 6 7 9 11 13 | 13.9
Throwing       | |  1.8

Action                   |  1- 3 |  4- 6 |  7- 9 | 10-12 | 13-15 || total
-------------------------+-------+-------+-------+-------+-------++-------
Melee: Flail             |   105 |   286 |   165 |       |       ||   556
       Kick              |       |       |    95 |   280 |   630 ||  1005
       Dire flail        |       |       |   202 |   168 |    39 ||   409
       Whip              |       |       |       |   571 |  1380 ||  1951
Throw: Throwing net      |     4 |     1 |     1 |       |       ||     6
Evoke: Wand              |       |     9 |     1 |    10 |    21 ||    41
       Phial of floods   |       |       |       |       |     1 ||     1
  Use: Scroll            |       |    14 |     7 |     6 |    22 ||    49
       Potion            |       |     2 |     2 |     2 |     7 ||    13
 Stab: Sleeping          |       |       |     2 |       |       ||     2
       Paralysed         |       |       |     6 |     2 |       ||     8
       Confused          |       |       |       |       |     4 ||     4
  Eat: Chunk             |     2 |     4 |     7 |    18 |    24 ||    55
       Ration            |       |     1 |     1 |     2 |     1 ||     5
Armor: Leather armour    |    34 |    26 |    47 |       |       ||   107
       Ring mail         |     1 |    92 |       |       |       ||    93
       Skin              |       |    10 |       |       |       ||    10
       Chain mail        |       |       |   161 |   380 |   691 ||  1232
Dodge: Dodged            |    96 |   239 |   192 |   249 |   572 ||  1348
